 Dungeon Crawl Stone Soup version 0.25.1-2-g60ff931df9 (webtiles) character file.

Game seed: 13514571367222153404

1606 H0rd4k the Insei (level 8, -1/50 HPs)
             Began as an Octopode Transmuter on Aug 27, 2020.
             Was an Initiate of Gozag.
             Slain by an orc warrior
             ... wielding a +0 dire flail
              (25 damage)
             ... on level 7 of the Dungeon.
             The game lasted 00:13:43 (9656 turns).

H0rd4k the Insei (Octopode Transmuter)              Turns: 9656, Time: 00:13:43

Health: -1/50      AC:  6    Str:  9    XL:     8   Next: 94%
Magic:  14/15      EV: 21    Int: 18    God:    Gozag
Gold:   552        SH:  0    Dex: 17    Spells: 11/17 levels left

rFire    . . .     SeeInvis +     - Unarmed
rCold    . . .     Gourm    .   (shield currently unavailable)
rNeg     . . .     Faith    .   (helmet currently unavailable)
rPois    x         Spirit   .   (no amulet)
rElec    .         Reflect  .   j - +4 ring of protection
rCorr    .         Harm     .   w - ring of see invisible
MR       .....                  (no ring)
Stlth    +++.......             (no ring)
HPRegen  0.16/turn              (no ring)
MPRegen  0.14/turn              (no ring)
                                (no ring)
                                (no ring)

@: spider-form (expiring), gold aura
A: tiny, almost no armour, stealthy swim, (amphibious), 8 rings, (constrict 8)
a: End Transformation, Potion Petition, Call Merchant, Bribe Branch, Renounce
Religion


You were on level 7 of the Dungeon.
You worshipped Gozag.
Gozag was pleased with you.
You were hungry.
You were a venomous arachnid creature.
You visited 1 branch of the dungeon, and saw 8 of its levels.

You collected 664 gold pieces.
You paid 112 gold pieces to Gozag.

Inventory:

Missiles
 a - 170 arrows
 b - 7 curare-tipped darts (quivered)
 n - 9 atropa-tipped darts
Jewellery
 j - a +4 ring of protection (left front leg)
 w - a ring of see invisible (right front leg)
Wands
 t - a wand of polymorph (9)
Scrolls
 e - a scroll of blinking
 f - 5 scrolls of enchant weapon {unknown}
 i - 2 scrolls of identify
 m - 3 scrolls of remove curse
 o - a scroll of fear {unknown}
 q - 3 scrolls of teleportation
 s - a scroll of fog {unknown}
 v - a scroll of noise {unknown}
 y - a scroll of vulnerability {unknown}
 z - a scroll of enchant armour {unknown}
Potions
 d - 3 potions of mutation {unknown}
 g - 2 potions of curing {unknown}
 h - 2 potions of might {unknown}
 k - 2 potions of berserk rage {unknown}
 l - 2 potions of stabbing {unknown}
 p - a potion of resistance {unknown}
 r - 2 potions of haste {unknown}
 u - a potion of degeneration {unknown}
 x - a potion of brilliance {unknown}
Comestibles
 c - 9 rations


   Skills:
 + Level 2.0 Fighting
 + Level 3.5 Dodging
 + Level 5.2 Stealth
 + Level 6.8 Unarmed Combat
 * Level 5.0 Spellcasting
 * Level 5.3 Transmutations
 + Level 1.5 Poison Magic


You had 11 spell levels left.
You knew the following spells:

 Your Spells              Type           Power        Failure   Level  Hunger
a - Beastly Appendage     Tmut           ###...       7%          1    None
b - Sticks to Snakes      Tmut           ###.....     9%          2    #......
c - Spider Form           Tmut/Pois      ###.......   24%         3    ##.....

Your spell library contained the following spells:

 Spells                   Type           Power        Failure   Level  Hunger
 Corona                   Hex            #......      30%         1    None
 Ensorcelled Hibernation  Hex/Ice        #.....       41%         2    #......
 Confusing Touch          Hex            #.......     58%         3    ##.....
 Dazzling Flash           Conj/Hex       #.....       58%         3    ##.....
 Tukima's Dance           Hex            #.......     58%         3    ##.....
 Blade Hands              Tmut           ###.......   61%         5    ######.
 Ice Form                 Ice/Tmut       ##......     63%         4    ####...


Dungeon Overview and Level Annotations

Branches:
Dungeon (8/15)             Temple (0/1) D:7
   Lair: D:8-11

Altars:
Cheibriados
Elyvilon
Fedhas
Gozag
Hepliaklqana
Kikubaaqudgha
Nemelex Xobeh
Ru
Trog
Uskayaw
Yredelemnul
The Shining One

Shops:
D:6 =   D:7 %

Annotations:
D:5 2 transporters, exclusion: sky beast
D:7 2 transporters, exclusions: downstairs and upstairs, Menkaure


Innate Abilities, Weirdness & Mutations

You cannot wear most types of armour.
You are very stealthy in the water. (Stealth+)
((You are amphibious.))
You can wear up to eight rings at the same time.
((You can use your tentacles to constrict eight enemies at once.))
((Your skin changes colour to match your surroundings (Stealth+).))
((Your rubbery body absorbs attacks. (AC +1, EV +1)))


Message History

The orc warrior is moderately wounded.
The orc warrior hits you with a +0 dire flail!
Your transformation is almost over.
The orc warrior misses you.
Items here: $ )) ? [ 21 gold pieces; a +0 hand axe; a +0 flail of protection; a +0 leather armour a scroll of identify You hit the orc wizard.
The orc wizard is poisoned.
The orc wizard is moderately wounded.
The orc wizard closely misses you.
You bite the orc wizard!
The orc wizard is almost dead.
You kill the orc wizard!
Menkaure becomes distracted by the nearby gold, dreaming of imaginary riches.
You closely miss the orc warrior.
The orc warrior is almost dead.
The orc warrior hits you with a +0 dire flail!!
Ouch! That really hurt!
You die...
Your body crumbles into a pile of gold.

.#..#8... #..#..#.#.#.#.#.#.#.#
#.#..##...##..#.#.#.#.#.#.#.#.#.
#.#.....©.....#..#.#.#.#.#.#.#.#
#.#..##...##..#.#[#.#.#.#.#.#.#.
#.#..#8...8#..#..#.#.#.#.#.#.#.#
#.#..##...##..#.#.#.#.#.#.#.#.#.
##.#zM..%....Mz#..#.#.#.#.#.#.#.#
...#MWM_)⌠)_$WM#o#.#.#.#.#.#.#.#.
##.#############s############.##.
#.......©.....))############.#..
#######.........)............#..
##...###################.. #####
#.. #.# #.. #.. #.#


You could see a phantom, an orc warrior (very poisoned), Menkaure (unaware), a
mummy and a wight.

Vanquished Creatures
  A water moccasin (D:7)
  A black bear (D:6)
  2 orc warriors
  2 phantoms
  An ogre (D:7)
  A bullfrog (D:6)
  A scorpion (D:7)
  A howler monkey (D:6)
  2 crimson imps
  A jelly (D:7)
  A centaur zombie (D:3)
  3 orc priests
  2 hounds
  A bullfrog skeleton (D:6)
  An iguana (D:7)
  4 orc wizards
  5 worker ants
  A killer bee zombie (D:6)
  A howler monkey skeleton (D:6)
  7 adders
  A shadow imp (D:6)
  3 oozes
  2 adder skeletons
  2 worms
  3 leopard geckos
  29 orcs
  2 ball pythons
  7 giant cockroaches
  2 hobgoblins
  5 jackals
  5 quokkas
  7 bats
  3 frilled lizards
  8 goblins
  7 kobolds
  2 leopard gecko skeletons
  A leopard gecko zombie (D:5)
  A quokka skeleton (D:6)
  8 rats
137 creatures vanquished.

Notes
Turn   | Place    | Note
-------+----------+-------------------------------------------
     0 | D:1      | H0rd4k the Octopode Transmuter began the quest for the Orb.
     0 | D:1      | Reached XP level 1. HP: 13/13 MP: 3/3
   261 | D:1      | Reached XP level 2. HP: 18/18 MP: 5/5
   333 | D:1      | You fall into a shaft and drop 1 floor!
   344 | D:2      | Reached skill level 1 in Stealth
   551 | D:2      | Reached XP level 3. HP: 21/23 MP: 6/6
   733 | D:2      | Found a bloodstained altar of Trog.
  1683 | D:2      | Found a blossoming altar of Fedhas.
  1683 | D:2      | Found a sacrificial altar of Ru.
  2020 | D:1      | Reached XP level 4. HP: 28/28 MP: 7/7
  2883 | D:1      | Learned a level 2 spell: Sticks to Snakes
  2887 | D:1      | Learned a level 3 spell: Spider Form
  3491 | D:3      | Reached XP level 5. HP: 9/33 MP: 9/9
  4209 | D:4      | Reached skill level 4 in Unarmed Combat
  4217 | D:4      | Found a hazy altar of Hepliaklqana.
  4658 | D:4      | Found a snail-covered altar of Cheibriados.
  4745 | D:5      | Entered Level 5 of the Dungeon
  4985 | D:5      | Reached XP level 6. HP: 36/38 MP: 10/10
  5027 | D:5      | Noticed a sky beast
  5145 | D:5      | Found an opulent altar of Gozag.
  5795 | D:5      | Found a sparkling altar of Nemelex Xobeh.
  5811 | D:5      | Found a transporter.
  5819 | D:5      | Found a transporter.
  5888 | D:5      | Noticed a phantom
  5967 | D:5      | Killed a phantom
  6242 | D:6      | Reached XP level 7. HP: 21/43 MP: 12/12
  6304 | D:5      | Became a worshipper of Gozag Ym Sagoz the Greedy
  6352 | D:5      | Reached skill level 5 in Unarmed Combat
  6771 | D:6      | Found Yplifo's Jewellery Shoppe.
  6867 | D:6      | Found the +3 salamander hide armour {+Rage rF++}
  7136 | D:6      | Found a glowing golden altar of the Shining One.
  7224 | D:6      | Noticed a hippogriff
  7227 | D:6      | Reached XP level 8. HP: 32/48 MP: 14/14
  7496 | D:7      | Noticed a +0 dagger
  7497 | D:7      | Found a hide-covered altar of Uskayaw.
  7497 | D:7      | Noticed a +0 dagger
  7509 | D:8      | Noticed a two-headed ogre
  7873 | D:7      | Found a transporter.
  7890 | D:7      | Found a staircase to the Ecumenical Temple.
  8236 | D:6      | Reached skill level 6 in Unarmed Combat
  8799 | D:7      | Found a white marble altar of Elyvilon.
  8817 | D:7      | Reached skill level 5 in Transmutations
  8921 | D:7      | Found a transporter.
  8946 | D:7      | Reached skill level 1 in Poison Magic
  8952 | D:7      | Reached skill level 5 in Stealth
  8979 | D:7      | Found a basalt altar of Yredelemnul.
  8983 | D:7      | Noticed Menkaure
  9205 | D:7      | Found an ancient bone altar of Kikubaaqudgha.
  9395 | D:7      | Reached skill level 5 in Spellcasting
  9540 | D:7      | Found Begy's Food Boutique.
  9656 | D:7      | Slain by an orc warrior

Illustrated notes

Levels and vault maps discovered:
D:1:      shiori_arrival_oz, layout_basic, minmay_octomino_e4
D:2:      layout_loops_ring, bloody_trog, gammafunk_temple_overflow_elements,
          bh_walls_and_bars
D:3:      layout_loops_ring
D:4:      layout_basic, lemuel_coloured_pillars_altar, kennysheep_mini,
          chequers_serial_rivers_small_b
D:5:      layout_basic, gammafunk_temple_overflow_arena, first_ration,
          nicolae_gozag_seed_capital
D:6:      layout_cave_pools, tso_oasis_becter, serial_shops,
          nicolae_shop_waterfront
D:7:      layout_basic, dancing_weapons_uskayaw, gammafunk_temple_of_torment,
          basic_altar, serial_shops, nicolae_shop_statue_plus
D:8:      layout_basic, lair_entry_dummy, grunt_pizzeria, nrook_mini_vaults

Skill      XL: |  1  2  3  4  5  6  7  8 |
---------------+-------------------------+-----
Stealth        | 1 2 3 4 5 |  5.2
Unarmed Combat | 4 5 6 |  6.8
Spellcasting   | 3 4 5 |  5.0
Transmutations | 3 4 5 |  5.3
Dodging        | 3 |  3.5
Poison Magic   | 1 |  1.5
Fighting       | 2 |  2.0

Action                   |  1- 3 |  4- 6 |  7- 9 || total
-------------------------+-------+-------+-------++-------
Melee: Unarmed           |    80 |   186 |   220 ||   486
       Constrict         |    22 |    34 |    41 ||    97
       Tentacles         |    12 |    23 |    27 ||    62
       Kick              |     4 |     8 |    42 ||    54
       Punch             |       |     1 |     6 ||     7
 Cast: Beastly Appendage |     2 |     7 |    20 ||    29
       Spider Form       |       |       |     6 ||     6
  Use: Scroll            |       |       |     5 ||     5
       Potion            |       |       |     1 ||     1
 Stab: Sleeping          |     7 |    18 |     8 ||    33
       Distracted        |       |     1 |       ||     1
  Eat: Chunk             |     3 |    12 |     2 ||    17
       Ration            |       |       |     3 ||     3
Armor: Skin              |    14 |    34 |    22 ||    70
Dodge: Dodged            |    62 |    88 |   146 ||   296
